 Dungeon Crawl Stone Soup version 0.27-a0-1347-gd8886f0a89 (webtiles) character file.

Game seed: 9048505040023734814

185 Brandom the Gusty (level 5, -2/32 HPs)
             Began as a Tengu Air Elementalist on June 27, 2021.
             Slain by a polar bear (9 damage)
             ... created by the rage of Trog
             ... on level 3 of the Dungeon.
             The game lasted 00:16:11 (3301 turns).

Brandom the Gusty (Tengu Air Elementalist)          Turns: 3301, Time: 00:16:11

Health: -2/32      AC:  3    Str:  8    XL:     5   Next: 64%
Magic:  6/9        EV: 15    Int: 17    God:
Gold:   88         SH:  0    Dex: 14    Spells: 2/9 levels left

rFire    . . .     SeeInvis .   j - +0 trident
rCold    . . .     Faith    .   (no shield)
rNeg     . . .     Spirit   .   a - +1 robe
rPois    .         Reflect  .   (helmet restricted)
rElec    .         Harm     .   (no cloak)
rCorr    .         Rampage  .   (no gloves)
Will     .....                  (boots unavailable)
Stlth    ++........             (no amulet)
HPRegen  0.10/turn              (no ring)
MPRegen  0.11/turn              (no ring)

@: flying quickly and evasively, slowed, very slow
A: beak, talons 3, nimble flight
a: no special abilities


You were on level 3 of the Dungeon.
You visited 1 branch of the dungeon, and saw 3 of its levels.

You collected 88 gold pieces.

Inventory:

Hand Weapons
 d - a +0 dagger
   (You took it off a kobold on level 1 of the Dungeon)
 e - a +0 short sword
   (You took it off a kobold on level 1 of the Dungeon)
 j - a +0 trident (weapon)
   (You found it on level 2 of the Dungeon)
Missiles
 k - a throwing net {!f}
Armour
 a - a +1 robe (worn)
Scrolls
 f - 2 scrolls of identify {unknown}
 i - a scroll of amnesia {unknown}
Potions
 b - 2 potions of lignification {unknown}
 g - a potion of berserk rage {unknown}
 h - a potion of magic {unknown}
 l - a potion of invisibility {unknown}


   Skills:
 * Level 3.1 Fighting
 + Level 3.3 Dodging
 - Level 2.0 Stealth
 - Level 2.6 Spellcasting
 - Level 2.7 Conjurations
 - Level 4.8 Air Magic


You had 2 spell levels left.
You knew the following spells:

 Your Spells              Type           Power      Damage    Failure   Level
a - Shock                 Conj/Air       60%        1d6       3%          1
b - Static Discharge      Conj/Air       15%        N/A       6%          2
c - Airstrike             Air            9%         N/A       24%         4

Your spell library contained the following spells:

 Spells                   Type           Power      Damage    Failure   Level
 Swiftness                Air            18%        N/A       8%          3
 Lightning Bolt           Conj/Air       7%         1d20      71%         5


Dungeon Overview and Level Annotations

Branches:
Dungeon (3/15)

Altars:
Trog

Annotations:
D:2 Terence


Innate Abilities, Weirdness & Mutations

You have a beak for a mouth.
You have claws for feet.
Your magical nature lets you fly swiftly and evasively.


Message History

Beogh smites you!
The orc priest casts a cantrip, but nothing happens.
You start resting.
An orc priest is nearby!
Aim: an orc priest, wielding a +0 trident and wearing a +2 chain mail of positive energy (wandering, hasn't noticed you, 79% to hit)
The zap hits the orc priest.
An orc priest is nearby!
Aim: an orc priest, wielding a +0 trident and wearing a +2 chain mail of positive energy (lightly wounded, 79% to hit)
The zap misses the orc priest.
Aim: an orc priest, wielding a +0 trident and wearing a +2 chain mail of positive energy (lightly wounded, 79% to hit)
The zap hits the orc priest but does no damage.
The orc priest misses you.
The orc priest mumbles some strange prayers to Beogh against you.
Beogh smites you!
* * * LOW HITPOINT WARNING * * *
The orc priest looks braver for a moment.
The orc priest is struck by an arc of lightning!
You are struck by an arc of lightning.
* * * LOW HITPOINT WARNING * * *
The lightning grounds out.
The orc priest closely misses you.
The orc priest is struck by an arc of lightning!
You kill the orc priest!
You are struck by an arc of lightning.
* * * LOW HITPOINT WARNING * * *
The lightning grounds out.
Your Fighting skill increases to level 3!
You start resting.
Trog sends monsters to punish you.
The divine experience drains your vigour!
You feel yourself slow down. 4 polar bears and a black bear come into view.
As you read the scroll labelled UCOP MUZIAXIS, it crumbles to dust.
It is a scroll of enchant armour.
Your +0 robe glows green for a moment.
As you read the scroll labelled FESCHI QOLESEG, it crumbles to dust.
You hear a loud clanging noise!
It was a scroll of noise.
The polar bear closely misses you. The polar bear claws you.
* * * LOW HITPOINT WARNING * * *
The polar bear claws you but does no damage.
The polar bear bites you.
* * * LOW HITPOINT WARNING * * *
The polar bear closely misses you. The polar bear misses you.
The polar bear closely misses you.
The polar bear claws you but does no damage.
The polar bear barely misses you.
The polar bear bites you but does no damage.
The polar bear claws you but does no damage. x2
The polar bear bites you!
You die...

#.############.###
#.# #........#
#'#### #.####.#.#
.....####.# #.#.#
.....≈....####.#.#
.≈.≈.≈≈...#.#..#.#
≈≈≈≈≈≈≈.≈.....##h#
≈≈≈≈≈≈≈≈......##h#
≈≈≈≈≈≈≈......)##@#
≈♣≈≈≈≈≈.......hhh#
≈._.≈≈≈..####.####
≈≈≈.≈≈≈≈.# #.#
≈≈≈≈≈≈≈≈.# #.#
≈≈≈≈≈≈≈≈..# #.#
≈≈≈≈≈≈≈....##.#
≈..≈.≈.≈....#.#
≈≈≈...........#


You could see 4 polar bears and a black bear (berserk).

Vanquished Creatures
  An orc priest (D:3)
  4 gnolls (D:3)
  3 adders
  An ufetubus (D:2)
  4 orcs (D:3)
  5 ball pythons
  7 endoplasms
  8 giant cockroaches
  3 goblins
  7 hobgoblins
  7 jackals (D:1)
  5 quokkas
  3 bats
  6 frilled lizards
  9 kobolds
  3 rats
76 creatures vanquished.

Notes
Turn   | Place    | Note
-------+----------+-------------------------------------------
     0 | D:1      | Brandom the Tengu Air Elementalist began the quest for the
                  | Orb.
     0 | D:1      | Reached XP level 1. HP: 10/10 MP: 4/4
   169 | D:1      | Reached XP level 2. HP: 16/16 MP: 1/6
   422 | D:1      | Reached skill level 1 in Fighting
   471 | D:1      | Learned a level 2 spell: Static Discharge
   648 | D:1      | Reached XP level 3. HP: 20/20 MP: 0/7
  1674 | D:2      | Reached XP level 4. HP: 26/26 MP: 5/8
  1701 | D:2      | Noticed Terence
  2746 | D:3      | Gained mutation: Your magical nature lets you fly swiftly
                  | and evasively. [Tengu growth]
  2746 | D:3      | Reached XP level 5. HP: 24/31 MP: 4/9
  2822 | D:3      | Learned a level 4 spell: Airstrike
  2986 | D:3      | Found a faded altar of an unknown god.
  2996 | D:3      | Became a worshipper of Trog the Wrathful
  2996 | D:3      | Reached * piety under Trog
  2997 | D:3      | Fell from the grace of Trog
  3300 | D:3      | Noticed a polar bear
  3300 | D:3      | Noticed a polar bear
  3300 | D:3      | Noticed a black bear
  3300 | D:3      | Noticed a polar bear
  3300 | D:3      | Noticed a polar bear
  3301 | D:3      | Slain by a polar bear

Illustrated notes

Levels and vault maps discovered:
D:1:      lemuel_arrival_hallway, layout_rooms, roderic_roman_lattice
D:2:      layout_basic, kennysheep_crisscross, uniq_terence
D:3:      layout_loops_corners, chequers_ecumenical_altar_island,
          minmay_fractal_squares_diagonal_5

Skill      XL: |  1  2  3  4  5 |
---------------+----------------+-----
Fighting       | 1 2 3 |  3.1
Conjurations   | 2 |  2.7
Dodging        | 3 |  3.3
Stealth        | |  2.0
Spellcasting   | |  2.6
Air Magic      | |  4.8

Action                   |  1- 3 |  4- 6 || total
-------------------------+-------+-------++-------
Melee: Unarmed           |     5 |       ||     5
       Peck              |     1 |     1 ||     2
       Kick              |     1 |       ||     1
       Trident           |       |     1 ||     1
 Cast: Shock             |    69 |    65 ||   134
       Static Discharge  |     8 |     7 ||    15
Invok: Renounce Religion |       |     1 ||     1
  Use: Scroll            |       |     2 ||     2
Armor: Robe              |     4 |     5 ||     9
Dodge: Dodged            |    18 |    14 ||    32

Table legend: (Time is in decaauts)
 A = Elapsed time spent in this place.
 B = Non-inter-level travel time spent in this place.
 C = Inter-level travel time spent in this place.
 D = Time resting spent in this place.
 E = Time spent auto-exploring this place.
 F = Levels seen in this place.
 G = Mean time per level.
                   A        B        C        D        E       F      G
               +--------+--------+--------+--------+--------+-----+--------+
         Total |   3277 |   3232 |     45 |    278 |   2515 |   3 | 1092.3 |
       Dungeon |   3277 |   3232 |     45 |    278 |   2515 |   3 | 1092.3 |
               +--------+--------+--------+--------+--------+-----+--------+

Top non-repeatable levels by time:
     D:2: 1351 daAuts
     D:1: 1089 daAuts
     D:3: 837 daAuts
